 Dungeon Crawl Stone Soup version 0.28-a0-983-g1de4e0787c (webtiles) character file.

Game seed: 9835116517553189109

49 Anon1729 the Poker (level 3, -4/30 HPs)
             Began as a Merfolk Monk on Dec 2, 2021.
             Was a Priest of Lugonu.
             Slain by a gnoll (7 damage)
             ... on level 2 of the Dungeon.
             The game lasted 00:02:45 (1639 turns).

Anon1729 the Poker (Merfolk Monk)                   Turns: 1639, Time: 00:02:45

Health: -4/30      AC:  2    Str: 13    XL:     3   Next: 75%
Magic:  3/3        EV: 14    Int:  9    God:    Lugonu [***...]
Gold:   77         SH:  0    Dex: 16    Spells: 2/2 levels left

rFire   . . .      SeeInvis .   a - +0 spear
rCold   . . .      Faith    .   (no shield)
rNeg    . . .      Spirit   .   b - +0 robe
rPois   .          Reflect  .   (no helmet)
rElec   .          Harm     .   (no cloak)
rCorr   .          Rampage  .   (no gloves)
Will    .....                   (no boots)
Stlth   ++........              (no amulet)
HPRegen 0.10/turn               (no ring)
MPRegen 0.08/turn               (no ring)

@: no status effects
A: (nimble swimmer 2), mertail
a: Renounce Religion, Depart the Abyss, Bend Space, Banish


You were on level 2 of the Dungeon.
You worshipped Lugonu.
Lugonu was most pleased with you.
You visited 1 branch of the dungeon, and saw 2 of its levels.

You collected 77 gold pieces.

Inventory:

Hand Weapons
 a - a +0 spear (weapon)
 h - a +2 hunting sling of freezing
Armour
 b - a +0 robe (worn)
Scrolls
 e - a scroll of teleportation {unknown}
 f - a scroll of identify {unknown}
 g - a scroll of blinking {unknown}
Potions
 c - a potion of curing {unknown}
 d - a potion of invisibility {unknown}


   Skills:
 + Level 3.8 Fighting
 + Level 5.0 Polearms
 + Level 4.6 Dodging
 + Level 2.9 Stealth


You had 2 spell levels left.
You didn't know any spells.
Your spell library contained the following spells:

 Spells                   Type           Power      Damage    Failure   Level
 Animate Skeleton         Necr           0%         N/A       38%         1
 Apportation              Tloc           0%         N/A       38%         1
 Summon Small Mammal      Summ           0%         N/A       38%         1


Dungeon Overview and Level Annotations

Branches:
Dungeon (2/15)

Altars:
Lugonu


Innate Abilities, Weirdness & Mutations

((You are quick and stealthy near water. (Stealth+, EV+, Speed+++)))
Your lower body shifts to a powerful aquatic tail in water.


Message History

You are too injured to fight recklessly!
You are too injured to fight recklessly!
You are too injured to fight recklessly!
You are too injured to fight recklessly!
You are too injured to fight recklessly!
You are too injured to fight recklessly!
You are too injured to fight recklessly!
You are too injured to fight recklessly!
You are too injured to fight recklessly!
You hit the gnoll.
You kill the gnoll!
Lugonu accepts your kill.
Your Polearms skill increases to level 5!
You hit the goblin.
You kill the goblin!
Lugonu accepts your kill.
You hit the gnoll but do no damage. The gnoll barely misses you.
You barely miss the gnoll. The gnoll hits you with a +0 whip.
You hit the gnoll but do no damage. The gnoll completely misses you.
You barely miss the gnoll. The gnoll closely misses you.
You hit the gnoll.
The gnoll is heavily wounded.
A dart slug comes into view.
The gnoll misses you.
You hit the gnoll.
The gnoll is severely wounded.
The dart slug launches a dart at you. The slug dart hits you.
* * * LOW HITPOINT WARNING * * *
The gnoll misses you.
You closely miss the gnoll.
The gnoll is severely wounded.
The gnoll hits you with a +0 whip!
* * * LOW HITPOINT WARNING * * *
You hit the gnoll.
The gnoll is almost dead.
You barely miss the gnoll.
The gnoll is almost dead.
The gnoll hits you with a +0 whip!
You die...

...♣.##.....# #.....≈§≈...##
.....##.....####...#######..#
.♣.......g....##............#
.....##...g.#.##............#
...♣.##.....#)##............#
......#.....#g##............#
.♣..........#.###'####.##...#
.....###......###.####.##...#####
.[.♣..........wg@.......+..>'...#
.....###.#####g##.####.##...###.#
.♣...# #.# #.##.# #.##...# #.#
.....# #.# #.##.####.##...# #.#
..♣. #.# #.##.......#...# #.# #.#
#..........#...# #.# #.#
#..#.......##### #.#
#.#####..#..##..## #.#
..##.....#..#8..8## #.#


You could see 2 gnolls and a dart slug.

Vanquished Creatures
  A gnoll (D:2)
  2 worms (D:2)
  A dart slug (D:1)
  4 endoplasms
  2 giant cockroaches
  2 goblins (D:2)
  3 hobgoblins
  2 kobolds
  3 ball pythons
  4 bats
  4 frilled lizards (D:1)
  A rat (D:1)
29 creatures vanquished.

Notes
Turn   | Place    | Note
-------+----------+-------------------------------------------
     0 | D:1      | Anon1729 the Merfolk Monk began the quest for the Orb.
     0 | D:1      | Reached XP level 1. HP: 18/18 MP: 1/1
    71 | D:1      | Reached XP level 2. HP: 13/24 MP: 2/2
   328 | D:1      | Found a faded altar of an unknown god.
   950 | D:1      | Prayed at the altar of an unknown god.
   950 | D:1      | Became a worshipper of Lugonu the Unformed
   950 | D:1      | Reached * piety under Lugonu
   950 | D:1      | Reached ** piety under Lugonu
   950 | D:1      | Reached *** piety under Lugonu
  1226 | D:2      | Reached XP level 3. HP: 26/29 MP: 3/3
  1625 | D:2      | Reached skill level 5 in Polearms
  1639 | D:2      | Slain by a gnoll

Illustrated notes

Levels and vault maps discovered:
D:1:      lemuel_arrival_funnel, layout_basic, shapermc_ecumenical_altar_ellora,
          serial_aquarium, aquarium_bridge_long_separate
          [aquarium_subvault_bridge, aquarium_subvault_bridge,
          aquarium_subvault_balcony, aquarium_subvault_bridge,
          aquarium_subvault_bridge, aquarium_subvault_window],
          aquarium_bridge_straight [aquarium_subvault_bridge,
          aquarium_subvault_wall, aquarium_subvault_bridge,
          aquarium_subvault_wall], aquarium_window_1, aquarium_window_1,
          aquarium_window_corridor_1, aquarium_window_1, aquarium_view_2a,
          aquarium_balcony_5b, chequers_serial_rivers_small_a, st_stairs_2,
          chequers_jeans
D:2:      layout_basic, st_stairs_6, kennysheep_crisscross,
          corexii_corridor_pit, minmay_pentomino_s4

Skill      XL: |  1  2  3 |
---------------+----------+-----
Polearms       | 5 |  5.0
Fighting       | |  3.8
Dodging        | |  4.6
Stealth        | |  2.9

Action                   || total
-------------------------++-------
Melee: Spear             ||   123
 Stab: Sleeping          ||     3
Armor: Robe              ||    14
Dodge: Dodged            ||    46

Table legend: (Time is in decaauts)
 A = Elapsed time spent in this place.
 B = Non-inter-level travel time spent in this place.
 C = Inter-level travel time spent in this place.
 D = Time resting spent in this place.
 E = Time spent auto-exploring this place.
 F = Levels seen in this place.
 G = Mean time per level.
                   A        B        C        D        E       F      G
               +--------+--------+--------+--------+--------+-----+--------+
         Total |   1617 |   1551 |     66 |      0 |   1321 |   2 |  808.5 |
       Dungeon |   1617 |   1551 |     66 |      0 |   1321 |   2 |  808.5 |
               +--------+--------+--------+--------+--------+-----+--------+

Top non-repeatable levels by time:
     D:1: 979 daAuts
     D:2: 638 daAuts
